 Dungeon Crawl Stone Soup version 0.27-a0-951-gae3e1deef5 (webtiles) character file.

Game seed: 6591568956511201173

260 polve the Skirmisher (level 5, -4/43 HPs)
             Began as a Demonspawn Abyssal Knight on Apr 11, 2021.
             Was a Believer of Lugonu.
             Slain by Menkaure (9 damage)
             ... on level 4 of the Dungeon.
             The game lasted 00:03:13 (4451 turns).

polve the Skirmisher (Demonspawn Abyssal Knight)    Turns: 4451, Time: 00:03:13

Health: -4/43      AC:  9    Str: 11 (13) XL:     5   Next: 95%
Magic:  6/6        EV:  5    Int: 13 (14) God:    Lugonu [**....]
Gold:   225        SH:  0    Dex:  9 (12) Spells: 4/4 levels left

rFire    . . .     SeeInvis .   a - +1 short sword
rCold    . . .     Faith    .   (no shield)
rNeg     . . .     Spirit   .   i - +0 chain mail
rPois    .         Reflect  .   (no helmet)
rElec    .         Harm     .   (no cloak)
rCorr    .         Rampage  .   (no gloves)
Will     .....                  (no boots)
Stlth    ..........             (no amulet)
HPRegen  0.14/turn              (no ring)
MPRegen  0.10/turn              (no ring)

@: very slightly contaminated, invisible
A: talons 2, demonic magic 1
a: Renounce Religion, Depart the Abyss, Bend Space


You were on level 4 of the Dungeon.
You worshipped Lugonu.
Lugonu was pleased with you.
You visited 1 branch of the dungeon, and saw 4 of its levels.
You visited the Abyss 1 time.

You collected 275 gold pieces.
You spent 50 gold pieces at shops.

Inventory:

Hand Weapons
 a - a +1 short sword (weapon)
Armour
 i - a +0 chain mail (worn)
Jewellery
 p - a ring of fire
Wands
 b - a wand of flame (15)
Scrolls
 c - 6 scrolls of identify {unknown}
 d - 4 scrolls of amnesia {unknown}
 e - 2 scrolls of fear {unknown}
 f - 2 scrolls of teleportation {unknown}
 g - a scroll of acquirement {unknown}
 k - 3 scrolls of magic mapping {unknown}
 l - a scroll of torment {unknown}
 o - a scroll of immolation {unknown}
Potions
 j - a potion of ambrosia
 n - a potion of curing


   Skills:
 + Level 4.3 Fighting
 - Level 4.0 Short Blades
 + Level 3.3 Armour
 - Level 0.8 Dodging
 - Level 2.4 Invocations


You had 4 spell levels left.
You didn't know any spells.
Your spell library was empty.

Dungeon Overview and Level Annotations

Branches:
Dungeon (4/15)
 Temple: D:4-7

Altars:
Gozag
Trog
Zin

Shops:
D:2 *

Annotations:
D:4 Menkaure


Innate Abilities, Weirdness & Mutations

You have razor-sharp toenails.
Spells you cast may paralyse adjacent enemies.


Message History

p - a ring of fire
d - 4 scrolls labelled EJAUHEUPLU (gained 1) Menkaure, Prince of Dust comes into view.
Menkaure shouts!
Menkaure moves out of view.
Okay, then.
A kobold comes into view. It is wielding a +0 short sword.
There are monsters nearby!
There are monsters nearby!
There are monsters nearby!
It was a potion of degeneration.
There was something very wrong with that liquid.
You feel weakened.
You feel dopey.
You feel clumsy.
The kobold shouts!
It was a potion of invisibility.
You fade into invisibility!
Menkaure calls on the powers of darkness!
The kobold convulses!
Your body is wracked with pain!
You are very lightly contaminated with residual magic.
Menkaure hits you but does no damage.
Found a stone staircase leading down.
You hit Menkaure but do no damage. You hit Menkaure.
Menkaure is lightly damaged.
Menkaure hits you.
You hit Menkaure. You claw Menkaure.
Menkaure is lightly damaged.
Menkaure hits you!
* * * LOW HITPOINT WARNING * * *
You hit Menkaure but do no damage. Your kick misses Menkaure.
Menkaure is lightly damaged.
Your chain mail prevents you from hitting Menkaure.
Your kick misses Menkaure.
Menkaure is lightly damaged.
Menkaure hits you!
* * * LOW HITPOINT WARNING * * *
You closely miss Menkaure.
Menkaure is lightly damaged.
Menkaure hits you!
You die...

...............
...............
##.................
..................
...........<.....
................
##.............#. #.
##......#..###.###
....##@.....##..#.#.###
....K.M.....####.#.....#
......##......#......#..
...... #.#####......##..
....≈ ### ##.........
....# #......... .>..
#.....##.. ...
#.....#... #.........


You could see Menkaure and a kobold.

Vanquished Creatures
  A necrophage (D:4)
  A hound (D:4)
  Ijyb (D:3)
  3 adders
  A worm (D:2)
  2 dart slugs (D:1)
  6 orcs
  8 endoplasms
  2 giant cockroaches
  2 goblins
  8 hobgoblins
  8 jackals
  2 kobolds
  7 quokkas
  6 ball pythons
  8 bats
  3 frilled lizards
  4 rats
73 creatures vanquished.

Notes
Turn   | Place    | Note
-------+----------+-------------------------------------------
     0 | Abyss:1  | polve the Demonspawn Abyssal Knight began the quest for the
                  | Orb.
     0 | Abyss:1  | Reached XP level 1. HP: 18/18 MP: 2/2
    56 | Abyss:2  | Noticed a large abomination
    76 | Abyss:2  | Noticed a catoblepas
    76 | Abyss:2  | Noticed a fire crab
    76 | Abyss:2  | Noticed a fire crab
    78 | Abyss:2  | Noticed an ice statue
    78 | Abyss:2  | Noticed a swamp dragon
    79 | D:1      | Escaped the Abyss
   917 | D:1      | Gained mutation: Spells you cast may paralyse adjacent
                  | enemies. [demonic ancestry]
   917 | D:1      | Reached XP level 2. HP: 21/24 MP: 3/3
  1151 | D:1      | Reached * piety under Lugonu
  1602 | D:2      | Found Asisif's Assorted Antiques.
  1617 | D:2      | Gained mutation: You have sharp toenails. [demonic
                  | ancestry]
  1617 | D:2      | Reached XP level 3. HP: 25/29 MP: 4/4
  1669 | D:2      | Bought an inky potion for 25 gold pieces
  1669 | D:2      | Bought an inky potion for 25 gold pieces
  2427 | D:2      | Reached XP level 4. HP: 25/35 MP: 5/5
  2931 | D:3      | Noticed Ijyb
  2986 | D:3      | Killed Ijyb
  3455 | D:3      | Found an opulent altar of Gozag.
  3512 | D:3      | Reached ** piety under Lugonu
  3552 | D:3      | Found a faded altar of an unknown god.
  3632 | D:3      | Found a bloodstained altar of Trog.
  3775 | D:3      | Gained mutation: You have razor-sharp toenails. [demonic
                  | ancestry]
  3775 | D:3      | Reached XP level 5. HP: 28/40 MP: 6/6
  4160 | D:4      | Noticed a necrophage
  4174 | D:4      | Killed a necrophage
  4440 | D:4      | Noticed Menkaure
  4451 | D:4      | Slain by Menkaure

Illustrated notes

Levels and vault maps discovered:
D:1:      scummos_arrival_hexagon, layout_loops_ring, st_stairs_7
D:2:      layout_basic, serial_shops, shop
D:3:      layout_rooms, general_overflow_altar, amcnicky_altar_gilded,
          trog_butcher_becter, serial_corexii_hall, corexii_hall_statues_u,
          corexii_hall_statues_x, shapermc_ecumenical_altar_mp_highgroup,
          amcnicky_mini_rare_corridor_liquid, uniq_ijyb
D:4:      layout_cave_pools, nicolae_overflow_hidden_temple,
          gup_sewer_entry_pipe, uniq_menkaure, uniq_crazy_yiuf_cottage,
          uniq_edmund

Skill      XL: |  1  2  3  4  5 |
---------------+----------------+-----
Short Blades   | 2 3 4 |  4.0
Armour         | 2 3 |  3.3
Fighting       | 4 |  4.3
Dodging        | |  0.8
Invocations    | |  2.4

Action                   |  1- 3 |  4- 6 || total
-------------------------+-------+-------++-------
Melee: Short sword       |   134 |   180 ||   314
       Kick              |    19 |    41 ||    60
Invok: Depart the Abyss  |     1 |       ||     1
  Use: Potion            |     1 |     6 ||     7
Armor: Leather armour    |    29 |       ||    29
       Chain mail        |       |    73 ||    73
Dodge: Dodged            |    77 |    33 ||   110

Table legend: (Time is in decaauts)
 A = Elapsed time spent in this place.
 B = Non-inter-level travel time spent in this place.
 C = Inter-level travel time spent in this place.
 D = Time resting spent in this place.
 E = Time spent auto-exploring this place.
 F = Levels seen in this place.
 G = Mean time per level.
                   A        B        C        D        E       F      G
               +--------+--------+--------+--------+--------+-----+--------+
         Total |   4393 |   4317 |     76 |      0 |   3736 |   6 |  732.2 |
       Dungeon |   4314 |   4238 |     76 |      0 |   3684 |   4 | 1078.5 |
         Abyss |     78 |     78 |      0 |      0 |     52 |   2 |   39.0 |
               +--------+--------+--------+--------+--------+-----+--------+

Top non-repeatable levels by time:
     D:1: 1502 daAuts
     D:3: 1476 daAuts
     D:2: 1035 daAuts
     D:4: 299 daAuts
 Abyss:1: 45 daAuts
 Abyss:2: 33 daAuts
